 Dungeon Crawl Stone Soup version 0.30-a0-305-g026cb31310 (webtiles) character file.

Game seed: 10137201758358445466

2 McGhostyFace the Covert (level 1, -3/23 HPs)
             Began as a Gnoll Delver on Oct 23, 2022.
             Slain by a lemure (5 damage)
             ... led by Pikel
             ... on level 4 of the Dungeon.
             The game lasted 00:00:44 (151 turns).

McGhostyFace the Covert (Gnoll Delver)               Turns: 151, Time: 00:00:45

Health: -3/23      AC:  3    Str: 11    XL:     1   Next: 30%
Magic:  1/1        EV: 13    Int:  9    God:
Gold:   14         SH:  0    Dex: 13    Spells: 0/0 levels left

rFire   . . .      SeeInvis .    a - +0 short sword
rCold   . . .      Faith    .    (no shield)
rNeg    . . .      Spirit   .    b - +0 leather armour
rPois   .          Reflect  .    (no helmet)
rElec   .          Harm     .    (no cloak)
rCorr   .          Rampage  .    (no gloves)
Will    .....                    (no boots)
Stlth   ++++......               (no amulet)
HPRegen 0.23/turn                (no ring)
MPRegen 0.07/turn                (no ring)

@: no status effects
A: fangs 1, strong nose, distributed training
a: no special abilities


You were on level 4 of the Dungeon.
You visited 1 branch of the dungeon, and saw 2 of its levels.

You collected 14 gold pieces.

Inventory:

Hand Weapons
 a - a +0 short sword (weapon)
Armour
 b - a +0 leather armour (worn)
Wands
 g - a wand of digging (3)
Scrolls
 c - a scroll of fog
 d - a scroll of magic mapping
 e - a scroll of fear
 h - a scroll of silence {unknown}
 i - 2 scrolls of identify {unknown}
 j - a scroll of vulnerability {unknown}
Potions
 f - a potion of haste
 k - a potion of might {unknown}


   Skills:
 + Level 6.4 Fighting
 + Level 4.4 Short Blades
 + Level 0.0 Long Blades
 + Level 0.0 Axes
 + Level 0.0 Maces & Flails
 + Level 0.0 Polearms
 + Level 0.0 Staves
 + Level 0.0 Ranged Weapons
 + Level 0.0 Throwing
 + Level 0.0 Armour
 + Level 4.4 Dodging
 + Level 9.5 Stealth
 + Level 0.0 Shields
 + Level 0.0 Unarmed Combat
 + Level 0.0 Spellcasting
 + Level 0.0 Conjurations
 + Level 0.0 Hexes
 + Level 0.0 Summonings
 + Level 0.0 Necromancy
 + Level 0.0 Translocations
 + Level 0.0 Transmutations
 + Level 0.0 Fire Magic
 + Level 0.0 Ice Magic
 + Level 0.0 Air Magic
 + Level 0.0 Earth Magic
 + Level 0.0 Poison Magic
 + Level 0.1 Invocations
 + Level 0.0 Evocations


You couldn't memorise any spells.
You didn't know any spells.
Your spell library was empty.

Dungeon Overview and Level Annotations

Branches:
Dungeon (5/15)
 Temple: D:4-7

Altars:

Annotations:
D:5 Pikel


Innate Abilities, Weirdness & Mutations

You have very sharp teeth.
Your uncanny sense of smell can sniff out nearby items.
Your experience applies equally to all skills.


Message History

You open the door.
Pikel, 3 lemures and an iguana come into view.
Pikel is wielding a +2 whip of electrocution and carrying a wand of paralysis (14).
The lemure shouts!
You hear a shout!
The lemure shouts!
Pikel shouts!
A lemure comes into view.
The iguana hisses angrily.
The lemure attacks as you move away! The lemure hits you but does no damage.
The lemure attacks as you move away! The lemure barely misses you.
The lemure attacks as you move away! The lemure hits you.
Pikel waves his whip at you. The lemure attacks as you move away!
The lemure hits you!
There is a stone staircase leading up here.
The lemure hits you!
You climb upwards.
Found 10 gold pieces.
Found a stone staircase leading down.
There is a stone staircase leading down here.
You hit the lemure but do no damage. The lemure hits you but does no damage.
You hit the lemure.
The lemure is lightly wounded.
The lemure hits you.
You hit the lemure but do no damage.
The lemure is lightly wounded.
The lemure closely misses you.
You closely miss the lemure.
The lemure is lightly wounded.
You barely miss the lemure.
The lemure is lightly wounded.
The lemure hits you.
* * * LOW HITPOINT WARNING * * *
You hit the lemure but do no damage. Your bite misses the lemure.
The lemure is lightly wounded.
The lemure barely misses you.
You hit the lemure but do no damage.
The lemure is lightly wounded.
The lemure hits you.
* * * LOW HITPOINT WARNING * * *
You hit the lemure.
The lemure is lightly wounded.
The lemure hits you.
You die...

# ########.# ∆
........##
........#
#######$.......
...>...@.......
###...5..###..#
#.####.# #∆ .#
.# ∆ .# ∆ .. .#


You could see a lemure.

Vanquished Creatures
  An orc (D:5)
1 creature vanquished.

Notes
Turn   | Place    | Note
-------+----------+-------------------------------------------
     0 | D:5      | Reached skill level 9 in Stealth
     0 | D:5      | McGhostyFace the Gnoll Delver began the quest for the Orb.
     0 | D:5      | Reached XP level 1. HP: 23/23 MP: 1/1
   103 | D:5      | Noticed an orc wizard
   131 | D:5      | Noticed Pikel
   131 | D:5      | Noticed a lemure
   131 | D:5      | Noticed a lemure
   131 | D:5      | Noticed a lemure
   131 | D:5      | Noticed an iguana
   131 | D:5      | Noticed a lemure
   151 | D:4      | Slain by a lemure

Illustrated notes

Levels and vault maps discovered:
D:4:      layout_loops_ring, mainiacjoe_overflow_cross_hatched,
          fedhas_altar_decomposition, gammafunk_ghost_icy, st_stairs_1
D:5:      minmay_chambers_of_threes, layout_basic, slow_altar_1,
          minmay_temple_entry_statues_fountains, uniq_pikel

Skill      XL: | |
---------------+-+-----
Stealth        | |  9.5
Fighting       | |  6.4
Short Blades   | |  4.4
Dodging        | |  4.4
Invocations    | |  0.1

Action                   || total
-------------------------++-------
Melee: Short sword       ||     9
 Stab: Sleeping          ||     1
Armor: Leather armour    ||     2
Dodge: Dodged            ||     3

Table legend: (Time is in decaauts)
 A = Elapsed time spent in this place.
 B = Non-inter-level travel time spent in this place.
 C = Inter-level travel time spent in this place.
 D = Time resting spent in this place.
 E = Time spent auto-exploring this place.
 F = Levels seen in this place.
 G = Mean time per level.
                   A        B        C        D        E       F      G
               +--------+--------+--------+--------+--------+-----+--------+
         Total |    148 |    148 |      0 |      0 |      0 |   2 |   74.0 |
       Dungeon |    148 |    148 |      0 |      0 |      0 |   2 |   74.0 |
               +--------+--------+--------+--------+--------+-----+--------+

Top non-repeatable levels by time:
     D:5: 142 daAuts
     D:4: 6 daAuts
